Map: [ESL] Altitude

Players

Jieshi - Winner!

  • Race: Protoss Protoss
  • Spawn Location: 1:00

Cyan

  • Race: Protoss Protoss
  • Spawn Location: 7:00

Event: ESL SC2 Masters 2023 Summer (Regionals)

VOD

Have the link to the VOD?

Description

Time

  • Played on: May 19, 2023, 10:33 a.m.
  • Length: 13:03

All games in this series

Show
View Real Time Build Order
Export as new Build Order

Jieshi Protoss - Winner!

Build Orders:  

Get SALT Encoding   

  12  0:00  Probe  
  13  0:12  Probe  
  14  0:18  Pylon  
  14  0:25  Probe (Chrono Boost)  
  15  0:37  Probe (Chrono Boost)  
  15  0:39  Gateway  
  16  0:45  Probe (Chrono Boost)  
  16  0:48  Assimilator  
  17  0:51  Probe  
  18  1:03  Probe  
  19  1:15  Probe  
  20  1:27  Cybernetics Core  
  20  1:28  Zealot  
  20  1:32  Probe, Pylon  
  23  1:51  Nexus  
  24  1:54  Probe  
  24  2:03  Warp Gate  
  24  2:06  Stalker (Chrono Boost)  
  24  2:12  Probe  
  27  2:24  Probe  
  27  2:26  Stalker (Chrono Boost)  
  30  2:33  Gateway  
  30  2:36  Probe  
  31  2:43  Pylon  
  31  2:48  Probe  
  31  2:52  Shield Battery  
  31  2:58  Gateway  
  31  3:00  Probe  
  31  3:01  Stalker (Chrono Boost)  
  32  3:05  Probe  
  33  3:13  Shield Battery  
  33  3:26  Gateway  
  33  3:36  Pylon  
  33  3:37  Probe x2  
  34  3:48  Assimilator  
  34  3:49  Probe x2  
  34  3:55  Stalker x2  
  40  4:12  Stalker  
  40  4:14  Probe  
  43  4:23  Stalker x2  
  47  4:25  Probe  
  47  4:26  Probe  
  49  4:37  Probe  
  51  4:38  Probe  
  51  4:41  Stalker, Pylon  
  47  4:49  Stalker  
  47  4:50  Zealot  
  47  4:51  Probe  
  48  5:05  Stalker  
  48  5:06  Probe  
  47  5:13  Stalker  
  47  5:14  Zealot  
  47  5:15  Probe  
  47  5:18  Probe  
  47  5:27  Probe  
  44  5:30  Probe  
  44  5:34  Stalker x2  
  47  5:40  Probe (Chrono Boost)  
  47  5:42  Probe (Chrono Boost)  
  40  5:52  Probe (Chrono Boost)  
  40  5:53  Robotics Facility  
  40  5:54  Probe (Chrono Boost)  
  42  5:59  Probe (Chrono Boost), Stalker  
  42  6:00  Probe (Chrono Boost)  
  42  6:03  Stalker  
  48  6:07  Probe (Chrono Boost)  
  48  6:09  Probe (Chrono Boost), Assimilator  
  51  6:21  Probe (Chrono Boost)  
  51  6:23  Twilight Council  
  51  6:24  Probe (Chrono Boost)  
  52  6:27  Probe (Chrono Boost)  
  52  6:30  Probe (Chrono Boost)  
  54  6:34  Stalker  
  54  6:35  Probe  
  57  6:40  Pylon, Observer (Chrono Boost)  
  57  6:43  Probe  
  57  6:47  Probe, Pylon  
  59  6:51  Pylon  
  59  6:52  Stalker  
  62  6:58  Probe  
  62  6:59  Probe  
  64  7:01  Assimilator  
  64  7:08  Stalker x2  
  61  7:16  Probe x2  
  61  7:19  Sentry  
  65  7:26  Blink (Chrono Boost)  
  65  7:28  Probe x2  
  67  7:36  Gateway  
  67  7:40  Probe x2, Stalker  
  67  7:41  Observer  
  71  7:46  Immortal (Chrono Boost)  
  75  7:52  Probe  
  75  7:53  Probe  
  77  8:04  Probe  
  78  8:05  Pylon  
  78  8:07  Stalker x2  
  78  8:12  Stalker  
  84  8:16  Pylon  
  84  8:22  Warp Prism (Chrono Boost)  
  86  8:30  Gateway  
  86  8:37  Gateway  
  86  8:39  Sentry x2  
  90  8:45  Probe  
  90  8:47  Stalker  
  93  8:54  Stalker  
  95  9:06  Pylon  
  95  9:07  Observer  
  96  9:21  Stalker x2  
  96  9:22  Stalker  
  100  9:29  Probe x2  
  100  9:30  Nexus  
  99  9:37  Stalker  
  100  9:41  Probe  
  101  9:46  Probe  
  101  9:52  Observer  
  102  9:53  Probe, Sentry x2, Stalker  
  109  10:00  Pylon  
  109  10:02  Pylon  
  109  10:04  Warp Prism (Chrono Boost)  
  108  10:22  Stalker x2  
  108  10:23  Stalker  
  108  10:26  Observer  
  112  10:30  Forge  
  112  10:32  Sentry x2  
  112  10:33  Probe  
  114  10:36  Probe  
  114  10:45  Probe  
  114  10:49  Probe  
  116  10:53  Stalker x2  
  116  10:54  Probe  
  116  10:56  Protoss Ground Weapons Level 1 (Chrono Boost)  
  120  11:00  Observer  
  120  11:05  Probe x2  
  120  11:06  Probe, Sentry  
  120  11:09  Observer  
  123  11:19  Stalker x2  
  123  11:24  Photon Cannon  
  127  11:27  Probe x2  
  127  11:28  Probe  
  127  11:32  Shield Battery  
  130  11:44  Stalker  
  130  11:45  Stalker x2  
  136  11:51  Probe  
  136  11:52  Probe x2  
  139  11:56  Pylon  
  139  11:59  Observer (Chrono Boost)  
  139  12:04  Stalker  
  141  12:16  Stalker x4  
  141  12:21  Stalker  
  139  12:33  Stalker  
  129  12:43  Stalker x3  
  125  12:47  Stalker x2  
Show
View Real Time Build Order
Export as new Build Order

Cyan Protoss 

Build Orders: Oracle Opening 

Get SALT Encoding   

  12  0:00  Probe  
  13  0:14  Pylon  
  13  0:17  Probe  
  14  0:30  Probe (Chrono Boost)  
  14  0:35  Gateway  
  15  0:42  Probe (Chrono Boost)  
  16  0:46  Assimilator  
  17  0:50  Probe (Chrono Boost)  
  17  0:54  Assimilator  
  17  0:56  Probe  
  18  1:08  Probe  
  19  1:20  Probe  
  19  1:23  Pylon  
  19  1:24  Cybernetics Core  
  20  1:32  Probe  
  23  1:44  Probe  
  24  1:59  Adept (Chrono Boost)  
  22  2:02  Stargate  
  22  2:03  Warp Gate  
  22  2:06  Probe  
  25  2:18  Probe  
  25  2:19  Pylon  
  26  2:24  Stalker  
  28  2:42  Oracle (Chrono Boost)  
  31  3:02  Nexus  
  31  3:11  Oracle (Chrono Boost)  
  34  3:25  Gateway  
  34  3:26  Probe  
  35  3:38  Probe  
  35  3:39  Gateway  
  36  3:51  Stalker  
  36  3:52  Probe  
  39  4:07  Pylon  
  39  4:14  Probe  
  39  4:15  Sentry  
  42  4:20  Stalker  
  42  4:23  Probe  
  45  4:26  Probe  
  45  4:29  Shield Battery  
  44  4:33  Stalker  
  46  4:41  Stalker  
  44  4:49  Stalker  
  46  4:55  Stalker  
  45  5:04  Stalker  
  45  5:12  Stalker  
  45  5:21  Stalker  
  45  5:41  Nexus  
  45  5:50  Pylon  
  45  5:55  Twilight Council  
  45  6:03  Probe  
  46  6:05  Pylon  
  46  6:16  Oracle (Chrono Boost)  
  46  6:17  Probe  
  50  6:26  Adept  
  50  6:27  Adept, Blink (Chrono Boost)  
  50  6:29  Probe  
  55  6:41  Probe  
  56  6:53  Probe x2  
  58  7:05  Probe x2  
  57  7:17  Probe x2  
  57  7:18  Stalker  
  57  7:19  Stalker x2  
  62  7:23  Shield Battery  
  62  7:27  Pylon  
  62  7:29  Probe x2  
  64  7:39  Shield Battery  
  64  7:41  Probe x2, Assimilator  
  64  7:42  Stalker  
  64  7:43  Stalker  
  70  7:51  Stalker  
  72  8:05  Nexus  
  72  8:06  Pylon  
  72  8:08  Sentry  
  74  8:13  Stalker  
  74  8:15  Stalker  
  74  8:18  Probe x2  
  80  8:31  Probe  
  80  8:32  Stalker  
  80  8:34  Robotics Facility  
  83  8:42  Stalker x2  
  87  8:51  Gateway  
  87  8:54  Gateway  
  87  9:05  Gateway  
  87  9:08  Pylon  
  87  9:13  Stalker  
  87  9:14  Stalker, Sentry  
  87  9:16  Shield Battery  
  91  9:18  Pylon  
  91  9:30  Immortal (Chrono Boost)  
  89  9:36  Pylon  
  89  9:37  Pylon  
  92  9:41  Adept x2  
  94  9:46  Stalker  
  94  9:50  Pylon  
  96  10:00  Observer  
  95  10:10  Assimilator  
  95  10:12  Pylon  
  95  10:21  Stalker x2  
  95  10:22  Stalker x2  
  95  10:26  Warp Prism (Chrono Boost)  
  101  10:39  Stalker  
  101  10:40  Stalker  
  103  10:46  Stalker x2  
  107  10:54  Pylon  
  107  10:58  Immortal  
  111  11:16  Stalker x3  
  116  11:25  Pylon  
  116  11:31  Dark Shrine  
  117  11:40  Observer (Chrono Boost)  
  117  11:41  Nexus  
  117  11:50  Pylon  
  117  11:51  Sentry x3  
  123  11:56  Observer  
  123  11:57  Probe  
  125  12:01  Pylon  
  125  12:03  Probe  
  126  12:09  Stalker  
  126  12:10  Stalker  
  125  12:19  Stalker x2  
  119  12:29  Stalker  
  111  12:37  Stalker  
  111  12:38  Stalker  
Tags
 
Add a new tag
Caveats
  • Supply blocks, unpowered buildings, or Contaminate may cause inaccurate times.
  • Supply counts are checked every 10 seconds.